 Dungeon Crawl Stone Soup version 0.27.0-1-g7a089689b8 (webtiles) character file.

Game seed: 13809939700533646937

6582 HungrySpirit the Fighter (level 10, 0/87 HPs)
             Began as a Mummy Abyssal Knight on Aug 1, 2021.
             Was an Elder of Lugonu.
             Slain by a manticore (5 damage)
             ... on level 11 of the Dungeon.
             The game lasted 00:21:03 (13121 turns).

HungrySpirit the Fighter (Mummy Abyssal Knight)    Turns: 13121, Time: 00:21:03

Health: 0/87       AC: 14    Str: 15    XL:     10   Next: 71%
Magic:  11/11      EV:  7    Int: 11    God:    Lugonu [****..]
Gold:   482        SH:  0    Dex: 16    Spells: 9/9 levels left

rFire    x . .     SeeInvis +   u - +4 spear (venom)
rCold    + . .     Faith    .   (no shield)
rNeg     + + +     Spirit   .   r - +0 chain mail
rPois    ∞         Reflect  .   (no helmet)
rElec    .         Harm     .   c - +0 cloak {rCorr}
rCorr    +         Rampage  .   q - +1 pair of gloves
Will     +....                  o - +0 pair of boots
Stlth    ..........             s - amulet of regeneration
HPRegen  1.24/turn              n - ring of see invisible
MPRegen  0.12/turn              (no ring)

@: no status effects
A: cold resistance 1, negative energy resistance 3, torment resistance 2, heat
vulnerability 1, no potions
a: Renounce Religion, Depart the Abyss, Bend Space, Banish, Corrupt


You were on level 11 of the Dungeon.
You worshipped Lugonu.
Lugonu was greatly pleased with you.
You visited 1 branch of the dungeon, and saw 11 of its levels.
You visited the Abyss 1 time.

You collected 482 gold pieces.

Inventory:

Hand Weapons
 b - the +9 war axe "Usaxedghe" {venom, Stlth+}
   (You found it on level 8 of the Dungeon)

   It poisons the flesh of those it strikes.
   Stlth:     It makes you more stealthy.
 t - a +2 short sword of electrocution
 u - a +4 spear of venom (weapon)
 v - a +0 long sword
Missiles
 g - 4 curare-tipped darts (quivered)
 h - 28 poisoned darts
Armour
 a - a +0 kite shield
 c - a +0 cloak of preservation (worn)
 o - a +0 pair of boots (worn)
 q - a +1 pair of gloves (worn)
 r - a +0 chain mail (worn)
Jewellery
 n - a ring of see invisible (left hand)
 s - an amulet of regeneration (around neck)
Wands
 i - a wand of flame (44)
 x - a wand of mindburst (11)
Scrolls
 e - 4 scrolls of immolation
 f - 4 scrolls of noise
 j - 2 scrolls of amnesia
 k - 3 scrolls of enchant weapon
 l - a scroll of magic mapping
 m - 2 scrolls of blinking {unknown}
 p - 3 scrolls of teleportation
 w - a scroll of fog
 y - a scroll of holy word
 z - a scroll of summoning


   Skills:
 + Level 11.0 Fighting
 - Level 1.5(3.0) Short Blades
 - Level 4.1(4.2) Long Blades
 * Level 4.7(5.4) Axes
 - Level 4.0(5.0) Polearms
 + Level 5.8 Armour
 - Level 0.7 Dodging
 + Level 3.8 Shields
 - Level 1.5 Invocations


You had 9 spell levels left.
You didn't know any spells.
Your spell library contained the following spells:

 Spells                   Type           Power      Damage    Failure   Level
 Slow                     Hex            0%         N/A       100%        2
 Static Discharge         Conj/Air       0%         N/A       100%        2
 Confusing Touch          Hex            0%         N/A       100%        3
 Conjure Flame            Conj/Fire      0%         6-21      100%        3
 Frozen Ramparts          Ice            0%         1d2       100%        3
 Ignite Poison            Fire/Tmut/Pois 0%         N/A       100%        3
 Vampiric Draining        Necr           0%         2d6       100%        3
 Animate Dead             Necr           0%         N/A       100%        4
 Sticky Flame             Conj/Fire      0%         2d3       100%        4
 Summon Ice Beast         Ice/Summ       0%         N/A       100%        4
 Lightning Bolt           Conj/Air       0%         1d11      100%        5
 Haunt                    Necr/Summ      0%         N/A       100%        7
 Infestation              Necr           0%         N/A       100%        8
 Maxwell's Capacitive Co  Air            0%         ∞         100%        8
 Ice Form                 Ice/Tmut       Unusable   N/A       N/A         4

Dungeon Overview and Level Annotations

Branches:
Dungeon (11/15)            Temple (0/1) D:4
   Lair: D:8-11         Orc: D:9-12

Altars:
Ashenzari
Fedhas
Hepliaklqana
Kikubaaqudgha
Qazlal
Sif Muna
Trog
Uskayaw
Xom
Yredelemnul
Zin
The Shining One

Shops:
D:4 :   D:8 =

Annotations:
D:2 Robin
D:4 exclusion: door
D:9 2 runed translucent doors
D:10 exclusion: door


Innate Abilities, Weirdness & Mutations

You are immune to poison.
Your flesh is cold resistant. (rC+)
You are immune to negative energy. (rN+++)
You are immune to unholy pain and torment.
You are vulnerable to heat. (rF-)
You do not drink.


Message History

There is a stone staircase leading down here.
The yaktaur looks more healthy.
The yaktaur shoots a bolt.
The bolt hits you!!
You climb downwards.
A manticore comes into view.
There is a stone staircase leading up here.
You hit the manticore.
The manticore is poisoned.
The manticore is lightly wounded.
You hit the manticore but do no damage.
The manticore looks as sick as possible!
The manticore is lightly wounded.
The manticore bites you!
The manticore claws you but does no damage.
The manticore claws you!
You hit the manticore but do no damage.
The manticore looks as sick as possible!
The manticore is lightly wounded.
The manticore bites you.
The manticore claws you but does no damage. x2
You closely miss the manticore.
The manticore is lightly wounded.
The manticore bites you. The manticore closely misses you.
The manticore claws you.
* * * LOW HITPOINT WARNING * * *
You barely miss the manticore.
The manticore is moderately wounded.
The manticore bites you.
* * * LOW HITPOINT WARNING * * *
The manticore claws you.
* * * LOW HITPOINT WARNING * * *
The manticore claws you but does no damage.
Okay, then.
You hit the manticore.
The manticore looks as sick as possible!
The manticore is moderately wounded.
The manticore bites you!
* * * LOW HITPOINT WARNING * * *
The manticore claws you.
* * * LOW HITPOINT WARNING * * *
The manticore claws you.
You die...

#. ###
####.##≈≈
#.....≈≈
#....≈≈##
#.......#
#.......#
#.......#
#..@....#
#...H......
#.......###
#......#...
#.....#....
#####....##
......
.#....


You could see a manticore (extremely poisoned).

Vanquished Creatures
  Erolcha (D:9)
  Joseph (D:9)
  Grinder (D:5)
  A shadow (D:9)
  12 yaks
  A wraith (D:10)
  2 acid dragons (D:9)
  3 ice beasts
  A sky beast (D:5)
  2 black bears
  2 necrophages
  An ogre (D:4)
  5 centaurs
  3 kobold brigands
  A phantom (D:5)
  3 bullfrogs
  A scorpion (D:7)
  2 gnoll sergeants
  5 killer bees (D:9)
  4 wights
  3 howler monkeys
  A jelly (D:7)
  2 bullfrog zombies
  A centaur zombie (D:7)
  2 hounds
  An orc priest (D:6)
  A centaur skeleton (D:7)
  2 bullfrog skeletons (D:6)
  Natasha (twice) (D:2)
  6 orc wizards
  An iguana (D:6)
  2 howler monkey zombies (D:8)
  5 adders
  12 gnolls
  A shadow imp (D:6)
  An ufetubus (D:4)
  An adder skeleton (D:4)
  A worm (D:2)
  4 dart slugs
  24 orcs
  7 bats
  5 endoplasms
  5 giant cockroaches
  15 goblins
  8 hobgoblins
  5 jackals
  3 quokkas
  4 ball pythons
  2 frilled lizards (D:1)
  17 kobolds
  3 rats
199 creatures vanquished.

Vanquished Creatures (others)
  19 plants
19 creatures vanquished.

Grand Total: 218 creatures vanquished

Notes
Turn   | Place    | Note
-------+----------+-------------------------------------------
     0 | Abyss:1  | HungrySpirit the Mummy Abyssal Knight began the quest for
                  | the Orb.
     0 | Abyss:1  | Reached XP level 1. HP: 18/18 MP: 2/2
    10 | Abyss:1  | Found a corrupted altar of Lugonu.
    69 | Abyss:1  | Noticed a dread lich
    71 | D:1      | Escaped the Abyss
   111 | D:1      | Reached * piety under Lugonu
   116 | D:1      | Reached XP level 2. HP: 21/24 MP: 3/3
   612 | D:1      | Reached skill level 4 in Fighting
   774 | D:1      | Reached XP level 3. HP: 25/30 MP: 4/4
  1285 | D:2      | Noticed Natasha
  1291 | D:2      | Killed Natasha
  1292 | D:2      | Reached XP level 4. HP: 38/38 MP: 5/5
  1310 | D:2      | Reached skill level 5 in Fighting
  1334 | D:2      | Found a faded altar of an unknown god.
  1351 | D:2      | Reached ** piety under Lugonu
  2064 | D:2      | Noticed Robin
  2901 | D:2      | Noticed Natasha
  2910 | D:2      | Killed Natasha
  2911 | D:2      | Reached XP level 5. HP: 36/46 MP: 6/6
  3251 | D:3      | Found a hazy altar of Hepliaklqana.
  3562 | D:3      | Reached skill level 6 in Fighting
  4001 | D:4      | Found a blossoming altar of Fedhas.
  4198 | D:4      | Reached XP level 6. HP: 45/53 MP: 7/7
  4442 | D:4      | Reached skill level 7 in Fighting
  4532 | D:4      | Found Piadghuu's Book Emporium.
  4762 | D:4      | Found a staircase to the Ecumenical Temple.
  4831 | D:4      | Found a basalt altar of Yredelemnul.
  5050 | D:5      | Entered Level 5 of the Dungeon
  5051 | D:5      | Noticed a sky beast
  5498 | D:5      | Killed a sky beast
  5499 | D:5      | Reached skill level 8 in Fighting
  5499 | D:5      | Reached XP level 7. HP: 62/63 MP: 8/8
  5614 | D:5      | Noticed Grinder
  5684 | D:5      | Paralysed by Grinder for 6 turns
  5692 | D:5      | Killed Grinder
  5692 | D:5      | Reached *** piety under Lugonu
  5693 | D:5      | Reached skill level 9 in Fighting
  6623 | D:5      | Found a shimmering blue altar of Sif Muna.
  6857 | D:6      | Reached skill level 1 in Polearms
  6857 | D:6      | Reached XP level 8. HP: 31/71 MP: 9/9
  8290 | D:7      | Reached skill level 1 in Long Blades
  8379 | D:7      | Reached skill level 10 in Fighting
  8550 | D:7      | Found a broken altar of Ashenzari.
  9478 | D:7      | Reached XP level 9. HP: 72/78 MP: 10/10
 10309 | D:8      | Found a shimmering altar of Xom.
 10309 | D:8      | Found a shimmering altar of Xom.
 10310 | D:8      | Found a shimmering altar of Xom.
 10312 | D:8      | Found a shimmering altar of Xom.
 10365 | D:8      | Reached **** piety under Lugonu
 10732 | D:8      | Found a bloodstained altar of Trog.
 10735 | D:8      | Found Tozemeut's Jewellery Shoppe.
 10765 | D:8      | Reached skill level 1 in Shields
 11018 | D:8      | Found a hide-covered altar of Uskayaw.
 11049 | D:8      | Identified the +9 war axe "Usaxedghe" {venom, Stlth+}
 11322 | D:9      | Noticed Joseph
 11365 | D:9      | Killed Joseph
 11366 | D:9      | Reached skill level 1 in Axes
 11411 | D:9      | Found an ancient bone altar of Kikubaaqudgha.
 11495 | D:9      | Reached skill level 5 in Armour
 11495 | D:9      | Reached XP level 10. HP: 51/86 MP: 11/11
 11708 | D:9      | Found a stormy altar of Qazlal.
 11755 | D:9      | Found a runed translucent door.
 11757 | D:9      | Found a runed translucent door.
 11887 | D:9      | Noticed Erolcha
 11900 | D:9      | Killed Erolcha
 12015 | D:9      | Found an ancient bone altar of Kikubaaqudgha.
 12330 | D:10     | Entered Level 10 of the Dungeon
 12832 | D:10     | Noticed a manticore
 13003 | D:10     | Reached skill level 11 in Fighting
 13091 | D:10     | Noticed a deep elf pyromancer
 13115 | D:11     | Noticed a manticore
 13121 | D:11     | Slain by a manticore

Illustrated notes

Levels and vault maps discovered:
D:1:      giann_bridges, layout_basic
D:2:      layout_basic, chequers_ecumenical_altar_simple_redux, uniq_natasha,
          uniq_robin
D:3:      layout_loops_ring, nicolae_hepliaklqana_hazy_memory
D:4:      layout_loops_corners, fedhas_ov_isle_minmay, zin_statuary,
          yredelemnul_forgotten_temple_becter, minmay_temple_entry_large_hall,
          serial_shops, shop_statue, kennysheep_generic_room_6
D:5:      layout_basic, tso_metal_star, led_sif_pool, uniq_grinder
D:6:      layout_basic, dk_vineyard_2, kennysheep_nub
D:7:      layout_cave_pools, ashenzari_conservatory_becter
D:8:      layout_gridville, bloody_trog, xom_redecorated, old_standard_altar,
          serial_shops, nicolae_shop_stone
D:9:      lemuel_insect_pit, layout_gridville, nicolae_qazlal_style_of_elements,
          kiku_gazebo_pond_becter, kennysheep_diamond, uniq_joseph, uniq_erolcha
D:10:     layout_rooms, lair_entry_dummy, minmay_shattered_shrine, uniq_urug,
          uniq_psyche, uniq_fannar
D:11:     layout_rooms, serial_rivers, chequers_serial_rivers_micro_e,
          chequers_serial_rivers_small_b, chequers_serial_rivers_large_a,
          chequers_serial_rivers_micro_e, chequers_serial_rivers_small_b,
          serial_shops, shop, chequers_decorated_corner, roderic_roman_lattice

Skill      XL: |  1  2  3  4  5  6  7  8  9 10 |
---------------+-------------------------------+-----
Fighting       | 4 5 6 8 9 10 11 | 11.0
Polearms       | 1 4 |  4.0
Armour         | 2 3 5 |  5.8
Long Blades    | 2 4 |  4.1
Shields        | 2 3 |  3.8
Axes           | 2 4 |  4.7
Short Blades   | |  1.5
Dodging        | |  0.7
Invocations    | |  1.5

Action                   |  1- 3 |  4- 6 |  7- 9 | 10-12 || total
-------------------------+-------+-------+-------+-------++-------
Melee: Short sword       |    99 |   154 |    34 |       ||   287
       Dagger            |     9 |       |       |       ||     9
       Spear             |       |    83 |   494 |   189 ||   766
Throw: Dart              |     1 |     5 |     9 |     3 ||    18
Invok: Depart the Abyss  |     1 |       |       |       ||     1
Evoke: Wand              |       |       |     1 |       ||     1
  Use: Scroll            |       |       |       |     9 ||     9
 Stab: Sleeping          |       |     3 |       |       ||     3
Armor: Leather armour    |    29 |    72 |    36 |       ||   137
       Chain mail        |       |       |   204 |    86 ||   290
Dodge: Dodged            |    61 |   140 |   194 |    47 ||   442
